 Dungeon Crawl Stone Soup version 0.24.0-13-gcf9b319 (webtiles) character file.

Game seed: 16139193023462542715, levelgen mode: deterministic

63 Bronimir the Stinger (level 3, -13/24 HPs)
             Began as a Demonspawn Venom Mage on Mar 29, 2020.
             Was an Initiate of Okawaru.
             Mangled by Sigmund
             ... wielding a +0 scythe
              (16 damage)
             ... on level 3 of the Dungeon.
             The game lasted 00:04:14 (2749 turns).

Bronimir the Stinger (Demonspawn Venom Mage)        Turns: 2749, Time: 00:04:15

Health: -13/24     AC:  6    Str:  9    XL:     3   Next: 87%
Magic:  0/6        EV: 12    Int: 16    God:    Okawaru [......]
Gold:   73         SH:  0    Dex: 13    Spells: 3/6 levels left

rFire    . . .     SeeInvis .   b - +0 flail
rCold    . . .     Gourm    .   (no shield)
rNeg     . . .     Faith    .   a - +0 robe
rPois    .         Spirit   .   s - +2 helmet
rElec    .         Reflect  .   (no cloak)
rCorr    .         Harm     .   (no gloves)
MR       .....                  (no boots)
Stlth    ++........             (no amulet)
HPRegen  0.08/turn              (no ring)
MPRegen  0.10/turn              (no ring)

@: flying
A: hooves 1, rugged brown scales 1
a: Renounce Religion


You were on level 3 of the Dungeon.
You worshipped Okawaru.
Okawaru was noncommittal.
You were very hungry.

You visited 1 branch of the dungeon, and saw 3 of its levels.

You collected 73 gold pieces.

Inventory:

Hand Weapons
 b - a +0 flail (weapon)
 h - a +1 dagger of flaming
Missiles
 f - 29 sling bullets
 j - 47 stones
 p - 17 bolts
 q - 2 silver boomerangs (quivered)
Armour
 a - a +0 robe (worn)
 s - a +2 helmet (worn)
Scrolls
 d - 3 scrolls of identify {unknown}
 i - a scroll of immolation {unknown}
 l - a scroll of enchant weapon {unknown}
 m - 4 scrolls of fear {unknown}
 o - a scroll of enchant armour {unknown}
 r - a scroll of remove curse {unknown}
 t - a scroll of magic mapping {unknown}
Potions
 e - 2 potions of flight
 g - a potion of lignification {unknown}
 k - a potion of curing {unknown}
 n - 2 potions of resistance {unknown}
Comestibles
 c - 6 rations


   Skills:
 * Level 0.9 Armour
 + Level 1.9 Dodging
 - Level 1.7 Stealth
 + Level 2.3 Spellcasting
 * Level 1.8 Conjurations
 + Level 0.2 Air Magic
 * Level 3.9 Poison Magic


You had 3 spell levels left.
You knew the following spells:

 Your Spells              Type           Power        Failure   Level  Hunger
a - Sting                 Conj/Pois      ##..         6%          1    #......
b - Poisonous Vapours     Pois/Air       #.....       13%         2    ###....

Your spell library contained the following spells:

 Spells                   Type           Power        Failure   Level  Hunger
 Mephitic Cloud           Conj/Pois/Air  #.......     26%         3    ###....
 Olgreb's Toxic Radiance  Pois           ##......     38%         4    #####..
 Venom Bolt               Conj/Pois      ##........   86%         5    ######.


Dungeon Overview and Level Annotations

Branches:
Dungeon (3/15)

Altars:
Okawaru
Zin

Annotations:
D:3 Sigmund


Innate Abilities, Weirdness & Mutations

You have large cloven feet.
You are partially covered in rugged brown scales. (AC +1, +3% HP)


Message History

Aiming: Sting (safe; 6% risk of failure)
Press: ? - help, Shift-Dir - straight line, f/p - Sigmund
Aim: Sigmund, wielding a +0 scythe and wearing a +0 robe (heavily wounded, unusually strong, poisoned)
The sting hits Sigmund but does no damage.
Sigmund is heavily wounded.
Sigmund hits you with a +0 scythe!!
Ouch! That really hurt!
* * * LOW HITPOINT WARNING * * *
Casting: Sting (safe; 6% risk of failure)
Confirm with . or Enter, or press ? or * to list all spells.
Aiming: Sting (safe; 6% risk of failure)
Press: ? - help, Shift-Dir - straight line, f/p - Sigmund
Aim: Sigmund, wielding a +0 scythe and wearing a +0 robe (heavily wounded, unusually strong, poisoned)
The sting hits Sigmund.
Sigmund looks even sicker.
Sigmund is heavily wounded.
It was a potion of flight.
You feel very buoyant.
You fly up into the air.
Sigmund hits you with a +0 scythe!
Ouch! That really hurt!
You die...

.### ....
#.o########
#...@<....#
#..@......#
.............#
#####........#
##..#.####
##.... ###..#
..#


You could see Sigmund and an orc.

Vanquished Creatures
  A gnoll (D:1)
  A worm (D:2)
  3 dart slugs
  2 leopard geckos (D:2)
  A giant cockroach (D:2)
  6 goblins
  4 hobgoblins
  3 jackals (D:2)
  3 bats
  3 frilled lizards (D:2)
  8 kobolds
  5 rats
40 creatures vanquished.

Notes
Turn   | Place    | Note
-------+----------+-------------------------------------------
     0 | D:1      | Bronimir the Demonspawn Venom Mage began the quest for the
                  | Orb.
     0 | D:1      | Reached XP level 1. HP: 13/13 MP: 3/3
   347 | D:1      | Gained mutation: You have large cloven feet. [demonic
                  | ancestry]
   347 | D:1      | Reached XP level 2. HP: 8/19 MP: 1/5
   633 | D:1      | Learned a level 2 spell: Poisonous Vapours
  1371 | D:1      | Gained mutation: You are partially covered in rugged brown
                  | scales. (AC +1, +3% HP) [demonic ancestry]
  1371 | D:1      | Reached XP level 3. HP: 19/24 MP: 6/6
  2511 | D:2      | Found a glowing silver altar of Zin.
  2513 | D:2      | Found an iron altar of Okawaru.
  2722 | D:2      | Became a worshipper of Warmaster Okawaru
  2742 | D:3      | Noticed Sigmund
  2749 | D:3      | Mangled by Sigmund

Levels and vault maps discovered:
D:1:      mrwooster_arrival_statue, layout_basic
D:2:      layout_loops_corners, minitemple, first_ration, minmay_box_of_dots
D:3:      layout_rooms, gammafunk_temple_overflow_forgotten,
          grunt_ministairs_10, minmay_misc_feat_roman, kennysheep_crisscross,
          minmay_fractal_squares_5, uniq_sigmund

Action                   || total
-------------------------++-------
Melee: Unarmed           ||     7
       Flail             ||    42
       Kick              ||     7
Throw: Boomerang         ||    25
 Cast: Sting             ||    33
       Poisonous Vapours ||    13
  Use: Potion            ||     1
 Stab: Sleeping          ||     2
  Eat: Chunk             ||     6
Armor: Robe              ||    15
Dodge: Dodged            ||    64
